 Dungeon Crawl Stone Soup version 0.29.1-15-g9cfb28693d (webtiles) character file.

Game seed: 16441718408250545979

8746 BuddhaDhamma the Severer (level 11, -9/82 HPs)
             Began as a Minotaur Berserker on Feb 25, 2023.
             Was an Elder of Trog.
             Mangled by Urug
             ... wielding a +6 great sword
              (28 damage)
             ... on level 9 of the Dungeon.
             The game lasted 00:36:21 (10633 turns).

BuddhaDhamma the Severer (Minotaur Berserker)      Turns: 10633, Time: 00:36:22

Health: -9/82      AC: 12    Str: 31    XL:     11   Next: 14%
Magic:  0/10       EV: 11    Int:  4    God:    Trog [****..]
Gold:   539        SH:  0    Dex: 11    Spells: 10/10 levels left

rFire   . . .      SeeInvis .   y - +4 battleaxe
rCold   . . .      Faith    .   (shield currently unavailable)
rNeg    + . .      Spirit   +   w - +4 ring mail of the Albatross {rN+ MP+9 Stlth-}
rPois   +          Reflect  .   (helmet restricted)
rElec   +          Harm     .   (no cloak)
rCorr   .          Rampage  .   g - +1 pair of gloves
Will    ++...                   f - +0 pair of boots
Stlth   ..........              h - amulet of Ihuqeir {Spirit rElec rPois Regen+ MP-9}
HPRegen 2.03/turn               G - +6 ring of strength
MPRegen 0.12/turn               t - ring of poison resistance

@: strong-willed, on berserk cooldown, regenerating
A: horns 2, retaliatory headbutt
a: Renounce Religion, Berserk, Trog's Hand, Brothers in Arms


You were on level 9 of the Dungeon.
You worshipped Trog.
Trog was greatly pleased with you.
You visited 2 branches of the dungeon, and saw 11 of its levels.
You also visited: Ossuary.

You collected 733 gold pieces.
You spent 194 gold pieces at shops.

Inventory:

Hand Weapons
 y - a +4 battleaxe (weapon)
Missiles
 i - 49 stones (quivered)
Armour
 f - a +0 pair of boots (worn)
 g - a +1 pair of gloves (worn)
 w - the +4 ring mail of the Albatross (worn) {rN+ MP+9 Stlth-}
   (You found it on level 5 of the Dungeon)

   rN:        It protects you from negative energy.
   MP:        It affects your magic capacity (+9).
   Stlth:     It makes you less stealthy.
Jewellery
 d - a ring of willpower
 h - the amulet of Ihuqeir (around neck) {Spirit rElec rPois Regen+ MP-9}
   (You acquired it on level 8 of the Dungeon)

   [amulet of guardian spirit]

   It causes incoming damage to be divided between your reserves of health and
   magic.
   rElec:     It insulates you from electricity.
   rPois:     It protects you from poison.
   MP:        It affects your magic capacity (-9).
   Regen:     It increases your rate of health regeneration.
 j - a +6 ring of intelligence
 s - a +6 ring of intelligence
 t - a ring of poison resistance (right hand)
 C - a ring of ice
 G - a +6 ring of strength (left hand)
Wands
 a - a wand of flame (38)
 o - a wand of charming (2)
 r - a wand of roots (24)
 v - a wand of light (19)
 A - a wand of polymorph (3)
Scrolls
 c - 2 scrolls of brand weapon
 n - 3 scrolls of enchant weapon
 q - 6 scrolls of enchant armour
 u - a scroll of identify
 x - 3 scrolls of poison
 D - 2 scrolls of magic mapping
 E - 3 scrolls of blinking
Potions
 b - 3 potions of resistance
 e - 3 potions of invisibility
 l - 3 potions of haste
 m - 3 potions of might
 p - 6 potions of curing
 z - a potion of lignification
 B - a potion of ambrosia
 F - 2 potions of heal wounds
Miscellaneous
 H - a box of beasts


   Skills:
 - Level 3.6 Fighting
 + Level 19.6 Axes
 + Level 2.5 Throwing
 - Level 2.4 Armour
 - Level 2.1 Dodging
 + Level 2.4 Stealth


You had 10 spell levels left.
You didn't know any spells.
Your spell library was empty.

Dungeon Overview and Level Annotations

Branches:
Dungeon (10/15)            Temple (1/1) D:6            Lair (0/5) D:9
Ossuary (visited)
    Orc: D:9-12

Altars:
Cheibriados
Dithmenos
Elyvilon
Fedhas
Gozag
Kikubaaqudgha
Makhleb
Nemelex Xobeh
Ru
Sif Muna
Trog
Uskayaw
Vehumet
Wu Jian
Xom
Yredelemnul
Zin
The Shining One

Shops:
D:6 ?*?!(

Annotations:
D:4 3 runed translucent doors, TaterTotHotdish's ghost, amateur HOFi
D:9 Urug


Innate Abilities, Weirdness & Mutations

You have a pair of horns on your head.
You reflexively headbutt those who attack you in melee.


Message History

Trog accepts your kill.
Things that are here:
a yak corpse; a yak corpse You feel a strong urge to attack something.
There is a stone staircase leading down here.
You see here a +0 whip.
You feel your anger nearly subside.
You are no longer berserk.
You are exhausted.
You feel yourself slow down.
You start resting.
HP restored.
You start resting.
Magic restored.
You see here a +0 whip.
You feel yourself speed up.
There is a stone staircase leading down here.
You climb downwards.
Level annotation: Urug The orc shouts!
An orc comes into view. It is wielding a +0 dagger.
The orc warrior barely misses you.
An orc wizard comes into view. It is wielding a +0 dagger.
The yak gores you! Urug misses you. You furiously retaliate!
You headbutt Urug.
There is a stone staircase leading up, spattered with blood here.
The centaur shoots an arrow.
The arrow hits you but does no damage.
The orc warrior hits you but does no damage.
The yak gores you! Urug hits you with a +6 great sword!!
You climb upwards.
There is a stone staircase leading down here.
Your skin crawls.
You feel strong-willed. Urug hits you with a +6 great sword!!
* * * LOW HITPOINT WARNING * * *
The orc warrior hits you with a +0 scimitar!
* * * LOW HITPOINT WARNING * * *
You barely miss Urug. Your headbutt misses Urug.
Urug is lightly wounded.
You closely miss the orc warrior. Urug hits you with a +6 great sword!!
You die...

#.#.....###########..# #.#
.....##.# #..# #.# ##.#.##.#
#..# #.#
#.###.#.###########..########.#
##.#.##.......................#
##..###############..#########
##.# ##...........# #<#
##...#####..#.# #.#
#...Yo@o....#.# #.#
#....###..)##.# #.# ###.#.##
#.####.# #.# #...#.# #.# #.#
##<## #.###.# #.# #.#
##...###.# #.# #.# #.#
##.....##.# #.####.####.#
..........# #...........#
##.....#### ######.######


You could see Urug, a yak and an orc warrior.

Vanquished Creatures
  A hydra (D:9)
  Pikel (D:5)
  Joseph (D:7)
  Psyche (D:8)
  A hornet (D:8)
  A wraith (D:9)
  7 yaks (D:9)
  7 wyverns
  A steam dragon (D:8)
  8 water moccasins
  6 orc warriors
  A black bear (D:7)
  2 ice beasts (D:8)
  An ogre (D:5)
  2 centaurs
  3 phantoms
  A kobold brigand (D:8)
  2 gnoll sergeants
  3 bullfrogs
  An elf zombie (Ossuary)
  A scorpion (D:6)
  13 wights
  3 killer bees (D:8)
  A howler monkey (D:8)
  3 jellies
  2 iguanas
  2 gnoll boudas
  6 hounds
  2 human zombies (Ossuary)
  An orc priest (D:7)
  Ijyb (D:3)
  4 orc wizards
  Natasha (thrice) (D:3)
  2 hound zombies (Ossuary)
  4 mummies (Ossuary)
  9 adders
  16 gnolls
  4 shadow imps
  A white imp (D:6)
  An ufetubus (D:4)
  2 adder zombies (Ossuary)
  3 worms (D:2)
  24 orcs
  6 bats
  7 endoplasms
  7 giant cockroaches
  4 hobgoblins
  6 kobolds
  6 quokkas
  4 ball pythons
  4 frilled lizards
  8 goblins
  A kobold zombie (Ossuary)
  2 orc zombies (Ossuary)
  9 rats
  2 rat zombies (Ossuary)
225 creatures vanquished.

Vanquished Creatures (others)
  2 fungi (D:9)
  8 plants (D:9)
  4 toadstools (D:7)
14 creatures vanquished.

Grand Total: 239 creatures vanquished

Notes
Turn   | Place    | Note
-------+----------+-------------------------------------------
     0 | D:1      | BuddhaDhamma the Minotaur Berserker began the quest for the
                  | Orb.
     0 | D:1      | Reached XP level 1. HP: 19/19 MP: 0/0
    95 | D:1      | Reached skill level 4 in Axes
   264 | D:1      | Reached XP level 2. HP: 26/26 MP: 1/1
   855 | D:1      | Reached skill level 5 in Axes
   855 | D:1      | Reached XP level 3. HP: 31/31 MP: 2/2
  1232 | D:2      | Reached ** piety under Trog
  1278 | D:2      | Reached skill level 6 in Axes
  1278 | D:2      | Reached XP level 4. HP: 36/39 MP: 3/3
  1913 | D:3      | Noticed Natasha
  1927 | D:3      | Killed Natasha
  2238 | D:3      | Reached skill level 7 in Axes
  2238 | D:3      | Reached XP level 5. HP: 40/45 MP: 4/4
  2286 | D:3      | Noticed Ijyb
  2299 | D:3      | Killed Ijyb
  2591 | D:3      | Noticed Natasha
  2601 | D:3      | Killed Natasha
  2923 | D:3      | Noticed Natasha
  2929 | D:3      | Killed Natasha
  3109 | D:4      | Noticed a phantom
  3124 | D:4      | Killed a phantom
  3125 | D:4      | Reached skill level 8 in Axes
  3125 | D:4      | Reached XP level 6. HP: 51/51 MP: 5/5
  3388 | D:4      | Identified the +0 robe of Guech {Harm rCorr Str+4}
  3428 | D:4      | Found a runed translucent gate.
  3613 | D:4      | Reached skill level 9 in Axes
  3613 | D:4      | Reached skill level 1 in Throwing
  3822 | D:4      | Found a runed translucent gate.
  3823 | D:4      | Found a runed translucent gate.
  3824 | D:4      | Found an opulent altar of Gozag.
  3824 | D:4      | Noticed an orc warrior
  3824 | D:4      | Noticed TaterTotHotdish's ghost (amateur HOFi)
  4134 | D:5      | Entered Level 5 of the Dungeon
  4186 | D:5      | Reached XP level 7. HP: 57/57 MP: 6/6
  4423 | D:5      | Reached skill level 10 in Axes
  4600 | D:5      | Noticed Pikel
  4611 | D:5      | Killed Pikel
  4612 | D:5      | Reached skill level 11 in Axes
  4612 | D:5      | Reached skill level 1 in Stealth
  4612 | D:5      | Reached XP level 8. HP: 64/64 MP: 7/7
  4655 | D:5      | Identified the +4 ring mail of the Albatross {rN+ MP+9
                  | Stlth-}
  5027 | D:6      | Found Wiahuso's General Store.
  5040 | D:6      | Reached skill level 12 in Axes
  5122 | D:6      | Reached *** piety under Trog
  5261 | D:6      | Bought a scroll of brand weapon for 104 gold pieces
  5287 | D:6      | Found a staircase to the Ecumenical Temple.
  5304 | D:6      | Found Xiwiomm's Distillery.
  5318 | D:6      | Bought a potion of curing for 36 gold pieces
  5398 | D:6      | Found Amuihaawi's Weapon Shoppe.
  5409 | D:6      | Reached skill level 13 in Axes
  5549 | D:6      | Found Taily's Magic Scroll Boutique.
  5560 | D:6      | Bought a scroll of identify for 28 gold pieces
  5640 | D:6      | Reached XP level 9. HP: 69/70 MP: 8/8
  5860 | D:6      | Found Qiffanyr's Magic Scroll Boutique.
  5865 | D:6      | Bought a scroll of identify for 26 gold pieces
  5931 | D:6      | Reached skill level 14 in Axes
  6097 | Temple   | Entered the Ecumenical Temple
  6336 | D:7      | Noticed Joseph
  6354 | D:7      | Killed Joseph
  6753 | D:7      | Reached skill level 15 in Axes
  7729 | D:8      | Reached skill level 16 in Axes
  8170 | D:8      | Found a sand-covered staircase.
  8188 | D:8      | Reached XP level 10. HP: 61/77 MP: 9/9
  8195 | Ossuary  | Entered an ossuary
  8341 | Ossuary  | Reached **** piety under Trog
  8673 | D:8      | Reached skill level 17 in Axes
  9274 | D:8      | Noticed Psyche
  9292 | D:8      | Killed Psyche
  9545 | D:8      | Identified a scroll of acquirement
  9545 | D:8      | Acquired the amulet of Ihuqeir {Spirit rElec rPois Regen+
                  | MP-9}
  9652 | D:9      | Reached skill level 18 in Axes
  9731 | D:9      | Found a staircase to the Lair.
  9835 | D:9      | Reached skill level 19 in Axes
  9986 | D:9      | Reached XP level 11. HP: 82/82 MP: 10/10
 10124 | D:9      | Found Deup's Antique Armour Boutique.
 10134 | D:9      | Found an ancient bone altar of Kikubaaqudgha.
 10197 | D:9      | Noticed an eight-headed hydra
 10209 | D:9      | Killed a 12-headed hydra
 10500 | D:10     | Entered Level 10 of the Dungeon
 10530 | D:10     | Noticed Urug
 10633 | D:9      | Mangled by Urug

Illustrated notes

Levels and vault maps discovered:
D:1:      saegor_arrival_fortress, layout_loops_ring, minmay_misc_feat_rows
D:2:      layout_basic
D:3:      layout_basic, minmay_door_square, uniq_natasha, uniq_ijyb
D:4:      layout_basic, ebering_ghost_gozag
D:5:      layout_basic, minmay_misc_feat_square, uniq_pikel
D:6:      layout_cave_pools, minmay_temple_entry_glass, serial_shops,
          nicolae_square_shop, shop, nicolae_diamond_shop, shop,
          nicolae_shop_hallway_plus
D:7:      layout_loops_ring, chequers_serial_rivers_marsh, kennysheep_doodads,
          minmay_gold_behind_fungi, uniq_joseph
D:8:      layout_basic, enter_ossuary_1, minmay_joined_circles, uniq_psyche
D:9:      layout_loops_ring, mainiacjoe_overflow_small_starburst,
          minmay_lair_entry_grove, serial_shops, shop, st_stairs_5,
          statue_in_the_mist_lemuel
D:10:     layout_big_octagon, erik_orc_1, uniq_urug
Temple:   roderic_octagonal_lattice_temple

Skill      XL: |  1  2  3  4  5  6  7  8  9 10 |
---------------+-------------------------------+-----
Axes           | 4 5 6 7 8 9 11 13 16 19 | 19.6
Throwing       | 1 2 |  2.5
Stealth        | 1 2 |  2.4
Fighting       | |  3.6
Armour         | |  2.4
Dodging        | |  2.1

Action                   |  1- 3 |  4- 6 |  7- 9 | 10-12 || total
-------------------------+-------+-------+-------+-------++-------
Melee: Hand axe          |    17 |       |       |       ||    17
       Broad axe         |    38 |   107 |   204 |       ||   349
       Headbutt          |     6 |    17 |    43 |    21 ||    87
       Punch             |       |     1 |     4 |       ||     5
       Battleaxe         |       |       |    21 |   164 ||   185
Throw: Stone             |       |    19 |       |       ||    19
Invok: Berserk           |       |     2 |     3 |     6 ||    11
       Trog's Hand       |       |     1 |     3 |     3 ||     7
  Use: Scroll            |       |     7 |     6 |     5 ||    18
Armor: Leather armour    |     2 |       |       |       ||     2
       Ring mail         |     7 |       |    74 |    77 ||   158
       Chain mail        |    24 |    72 |     7 |       ||   103
Dodge: Dodged            |    33 |    27 |   103 |    81 ||   244
